 Dungeon Crawl Stone Soup version 0.31-a0-319-g4fced400ed (webtiles) character file.

Game seed: 11012811371961868562

119 mopl the Changeling (level 5, -3/5 HPs)
             Began as an Octopode Shapeshifter on July 17, 2023.
             Slain by a gnoll
             ... wielding a +0 whip
              (5 damage)
             ... on level 2 of the Dungeon.
             The game lasted 00:02:44 (1138 turns).

mopl the Changeling (Octopode Shapeshifter)         Turns: 1138, Time: 00:02:45

Health: -3/5       AC: 14    Str: 24    XL:     5   Next: 3%
Magic:  5/5        EV:  8    Int: 11    God:
Gold:   58         SH:  0    Dex: 14    Spells: 4/4 levels left

rFire   + +          .
                       - Unarmed
rCold   x . .        (shield currently unavailable)
rNeg    . . .        (helmet currently unavailable)
rPois   +            (no amulet)
rElec   .            (no ring)
rCorr   .            (no ring)
SInv    .            (no ring)
Will    .....        (no ring)
Stlth   +            (no ring)
HPRegen 0.20/turn    (no ring)
MPRegen 0.09/turn    (no ring)
                     (no ring)

%: no passive effects
@: dragon-form, flying
A: dragon claw, dragon scales, breathe fire, flying, reduced hp, almost no
armour, amphibious, 8 rings, giant, (camouflage 1), (gelatinous body 1), (nimble
swimmer 1), (tentacles)
a: Breathe Fire, Begin Untransformation


You were on level 2 of the Dungeon.
You were a fearsome dragon!
You visited 1 branch of the dungeon, and saw 2 of its levels.

You collected 58 gold pieces.

Inventory:

Missiles
 d - 5 poisoned darts (quivered)
Jewellery
 i - a ring of ice
Talismans
 b - a beast talisman
 f - a blade talisman
 m - a dragon-blood talisman
Scrolls
 h - a scroll of identify {unknown}
 j - a scroll of immolation {unknown}
 l - a scroll of revelation {unknown}
 n - a scroll of poison {unknown}
Potions
 a - a potion of lignification {!q}
 c - a potion of brilliance {unknown}
 e - a potion of berserk rage {unknown}
 g - a potion of magic {unknown}
 k - a potion of attraction {unknown}


   Skills:
 + Level 2.6 Fighting
 + Level 2.6 Dodging
 * Level 3.2 Unarmed Combat
 * Level 3.7 Shapeshifting


You had 4 spell levels left.
You didn't know any spells.
Your spell library contained the following spells:

 Spells                   Type           Power      Damage    Failure   Level
 Ensorcelled Hibernation  Hex/Ice        0%         N/A       47%         2
 Passwall                 Tmut/Erth      0%         N/A       47%         2
 Sublimation of Blood     Necr           0%         N/A       47%         2
 Wereblood                Tmut           0%         N/A       47%         2
 Swiftness                Air            0%         N/A       71%         3
 Summon Hydra             Summ           0%         N/A       100%        7


Dungeon Overview and Level Annotations

Branches:
Dungeon (2/15)

Altars:


Innate Abilities, Weirdness & Mutations

You are a fearsome dragon!
You have a powerful clawing attack.
Your giant scaled body is strong and resiliant, but less evasive.
You can breathe fire.
You are flying.
Your maximum health is decreased, since you lack skill for your form.
Your armour is entirely melded.
You are incapable of wielding weapons or throwing items.
You cannot wear most types of armour.
You are amphibious.
You can wear up to eight rings at the same time.
((Your skin changes colour to match your surroundings (Stealth+).))
((Your rubbery body absorbs attacks. (AC +1, EV +1)))
((You are camouflaged when in or above water. (Stealth+)))
((You have tentacles for arms and can constrict up to eight enemies at once.))


Message History

You start resting.
HP restored.
You begin transforming.
You continue transforming. x3
Your transformation has ended.
You turn into a fearsome dragon!
Unknown command.
You now have 58 gold pieces (gained 9).
A dart slug comes into view.
Found a scroll labelled LOSIHI SOJIOCY.
The helpless dart slug fails to defend itself.
You maul the dart slug!!!
You kill the dart slug!
No target in view!
n - a scroll labelled LOSIHI SOJIOCY
There is a stone staircase leading down here.
An adder comes into view.
Found a scroll labelled JITAFUD YROSU.
A hobgoblin and a gnoll come into view.
The gnoll shouts!
You hear a shout! x2
A gnoll comes into view. It is wielding a +0 whip.
You barely miss the hobgoblin.
The hobgoblin shouts!
The adder hisses angrily.
The hobgoblin hits you but does no damage.
You closely miss the hobgoblin. The hobgoblin closely misses you.
You bite the hobgoblin!!
You kill the hobgoblin!
You bite the adder!!
You kill the adder!
A gnoll comes into view.
It is wielding a +0 flail and quivering poisoned darts.
You have reached level 5!
You feel clever.
A gnoll comes into view. It is wielding a +0 whip.
The gnoll shouts!
The gnoll hits you with a +0 halberd.
Ouch! That really hurt!
You bite the gnoll!!
You kill the gnoll!
The gnoll hits you with a +0 whip.
Ouch! That really hurt!
You die...

. ##? #.. #.# ###########
#.# #.....#...
#.####.#######.....#.#
#.....†Dg..gg........#
######.#)#####.......#
#.#.# #.......# #.#.#
###.##..# #.#.#
###.##..###
####.#.#####....>.....
#####..................###
#........>.......####.##
######.###.####.#######
#.#


You could see 3 gnolls.

Vanquished Creatures
  Terence (D:2)
  Robin (D:2)
  A gnoll (D:2)
  3 adders (D:2)
  A worm (D:2)
  3 dart slugs
  3 endoplasms
  A giant cockroach (D:2)
  9 goblins
  8 hobgoblins
  3 kobolds (D:1)
  2 quokkas
  2 ball pythons
  2 bats (D:1)
  6 frilled lizards
  2 rats (D:1)
48 creatures vanquished.

Notes
Turn   | Place    | Note
-------+----------+-------------------------------------------
     0 | D:1      | mopl the Octopode Shapeshifter began the quest for the Orb.
     0 | D:1      | Reached XP level 1. HP: 14/14 MP: 1/1
    85 | D:1      | Reached XP level 2. HP: 19/19 MP: 2/2
   543 | D:1      | Reached XP level 3. HP: 24/24 MP: 3/3
   683 | D:2      | Noticed Robin
   683 | D:2      | Found a faded altar of an unknown god.
   708 | D:2      | Killed Robin
   713 | D:2      | Reached XP level 4. HP: 25/30 MP: 4/4
   739 | D:2      | Reached skill level 3 in Unarmed Combat
  1002 | D:2      | Noticed Terence
  1013 | D:2      | Killed Terence
  1137 | D:2      | Reached XP level 5. HP: 5/35 MP: 5/5
  1138 | D:2      | Slain by a gnoll

Illustrated notes

Levels and vault maps discovered:
D:1:      wander_arrival_lonely_grave, layout_loops_ring
D:2:      layout_loops_ring, hellmonk_ecumenical_altar_pennies_from_heaven,
          serial_aquarium, aquarium_bridge_square [aquarium_subvault_wall,
          aquarium_subvault_window, aquarium_subvault_window,
          aquarium_subvault_bridge], aquarium_window_fake, aquarium_window_fake,
          aquarium_window_corridor_1, aquarium_view_2e, uniq_robin, uniq_terence

Skill      XL: |  1  2  3  4 |
---------------+-------------+-----
Unarmed Combat | 3 |  3.2
Fighting       | |  2.6
Dodging        | |  2.6
Shapeshifting  | |  3.7

Action                     |  1- 3 |  4- 6 || total
---------------------------+-------+-------++-------
  Melee: Unarmed           |    48 |    37 ||    85
         Constrict         |    18 |     8 ||    26
         Tentacles         |    13 |     6 ||    19
         Punch             |       |     1 ||     1
   Stab: Sleeping          |     6 |     5 ||    11
 Armour: Skin              |     3 |     2 ||     5
  Dodge: Dodged            |    19 |    14 ||    33
   Form: Dragon            |       |     1 ||     1

Table legend: (Time is in decaauts)
 A = Elapsed time spent in this place.
 B = Non-inter-level travel time spent in this place.
 C = Inter-level travel time spent in this place.
 D = Time resting spent in this place.
 E = Time spent auto-exploring this place.
 F = Levels seen in this place.
 G = Mean time per level.
                   A        B        C        D        E       F      G
               +--------+--------+--------+--------+--------+-----+--------+
         Total |   1133 |   1129 |      4 |     79 |    775 |   2 |  566.5 |
       Dungeon |   1133 |   1129 |      4 |     79 |    775 |   2 |  566.5 |
               +--------+--------+--------+--------+--------+-----+--------+

Top non-repeatable levels by time:
     D:1: 681 daAuts
     D:2: 452 daAuts
